 Dungeon Crawl Stone Soup version 0.17.0-28-g6e173f8 (webtiles) character file.

4970 Clownie the Fighter (level 10, -4/85 HPs)
             Began as a Formicid Fighter on Nov 26, 2015.
             Was a High Priest of the Shining One.
             Slain by Snorg (14 damage)
             ... on level 9 of the Dungeon.
             The game lasted 00:14:19 (8161 turns).

Clownie the Fighter (Formicid Fighter)              Turns: 8161, Time: 00:14:19

Health: -4/85      AC: 19    Str: 28    XL:     10   Next: 82%
Magic:  13/13      EV: 12    Int: 13    God:    the Shining One [*****.]
Gold:   188        SH: 23    Dex: 15    Spells: 0 memorised, 9 levels left

rFire  . . .     SeeInvis +     a - +0 flail
rCold  + . .     Clarity  +     D - +0 plate armour
rNeg   + + +     SustAt   .     f - +3 shield of the Land of Plenty {*Contam MR- Regen+ Int+4}
rPois  .         Gourm    .     (helmet unavailable)
rElec  .         Spirit   .     (no cloak)
rCorr  .         Warding  .     h - +2 pair of gloves
rMut   .         Stasis   +     B - +0 pair of boots
MR     .....                    q - amulet of clarity
Stlth  ..........               C - ring of protection from cold
                                m - ring of positive energy

@: mighty, agile, divine shield, glowing, not resistant to hostile enchantments,
extremely unstealthy
A: permanent stasis, dig shafts and tunnels, four strong arms, antennae 3
a: Dig, Shaft Self, Divine Shield, Cleansing Flame, Summon Divine Warrior,
Renounce Religion


You were on level 9 of the Dungeon.
You worshipped the Shining One.
The Shining One was extremely pleased with you.
You were not hungry.

You visited 2 branches of the dungeon, and saw 11 of its levels.
You also visited: Ossuary.

You collected 473 gold pieces.
You spent 285 gold pieces at shops.

Inventory:

Hand Weapons
 a - a +0 flail (weapon)
Armour
 c - a +0 shield
 f - the +3 shield of the Land of Plenty (worn) {*Contam MR- Regen+ Int+4}
   (You bought it in a shop on level 5 of the Dungeon)

   It affects your intelligence (+4).
   It affects your resistance to hostile enchantments.
   It causes magical contamination when unequipped.
   It increases your rate of regeneration.
 h - a +2 pair of gloves (worn)
 B - a +0 pair of boots (worn)
 D - a +0 plate armour (worn)
Jewellery
 i - an uncursed ring of flight
 m - a ring of positive energy (left hand)
 q - an amulet of clarity (around neck)
 C - a ring of protection from cold (right hand)
 K - a +3 ring of intelligence
Wands
 s - a wand of teleportation (1)
 x - a wand of fireball (3)
Scrolls
 g - 2 scrolls of fear {unknown}
 o - 6 scrolls of remove curse
 t - a scroll of magic mapping {unknown}
 w - a scroll of brand weapon {unknown}
 y - a scroll of enchant weapon {unknown}
 z - 5 scrolls of amnesia {unknown}
 E - a scroll of random uselessness {unknown}
 F - 2 scrolls of immolation {unknown}
 L - 2 scrolls of blinking {unknown}
 O - a scroll of enchant armour {unknown}
 Q - a scroll of recharging {unknown}
Potions
 k - a potion of brilliance
 l - a potion of agility
 p - 2 potions of magic
 u - 2 potions of flight
 v - 4 potions of cancellation
 A - 6 potions of curing
 H - a potion of degeneration {unknown}
 I - 2 potions of poison {unknown}
 N - 2 potions of lignification
Books
 n - a Grand Grimoire

   Spells                             Type                      Level
   a - Monstrous Menagerie            Summoning                    6
   b - Summon Greater Demon           Summoning                    7
   c - Malign Gateway                 Summoning/Translocation      7
   d - Summon Horrible Things         Summoning                    8
   The Shining One disapproves of the use of such an item.
Comestibles
 b - 2 royal jellies
 e - 12 bread rations
 j - 8 fruits
 r - 3 chunks of flesh
 J - 6 beef jerkies
 M - 5 meat rations


   Skills:
 - Level 10.1 Fighting
 - Level 6.3 Maces & Flails
 - Level 9.2 Armour
 - Level 9.0 Shields
 + Level 4.0 Invocations


You had 9 spell levels left.
You didn't know any spells.

Dungeon Overview and Level Annotations

Branches:
Dungeon (10/15)            Temple (1/1) D:4
   Lair: D:8-11         Orc: D:9-12

Altars:
Ashenzari
Cheibriados
Dithmenos
Elyvilon
Fedhas
Gozag
Kikubaaqudgha
Makhleb
Nemelex Xobeh
Okawaru
Qazlal
Ru
Sif Muna
Trog
Vehumet
Xom
Yredelemnul
Zin
The Shining One

Shops:
D:5 :[[%[   D:6 %

Annotations:
D:9 Snorg


Innate Abilities, Weirdness & Mutations

You are under a permanent stasis effect.
You can dig through walls and to a lower floor.
Your four strong arms can wield two-handed weapons with a shield.
You have a pair of large antennae on your head (SInv).


Message History

You don't know any spells.
Okay, then.
You barely miss Snorg. Snorg closely misses you. You block Snorg's attack.
Snorg closely misses you.
You bludgeon Snorg!!
Snorg is lightly wounded.
Snorg goes berserk!
Snorg bites you but does no damage. You block Snorg's attack. Snorg claws you!
There is an open door here.
Things that are here:
an enchanted morningstar; a robe Snorg bites you.
Snorg claws you. You block Snorg's attack.
There is an open door here.
Snorg bites you!! You block Snorg's attack. You block Snorg's attack.
Snorg bites you but does no damage. Snorg closely misses you.
You block Snorg's attack. Snorg bites you!!
* * * LOW HITPOINT WARNING * * *
Snorg claws you!
You die...

....#..........................##
....#............######.....>..##
....#...######...#....#........).
....#...#....#...#....#'##......'
....#...#....#...#.......#......#
....#...#....#...#.......#......#
....#...#....#...#.......#......#
....#...#....#...'.......##..(..#
....#...#....#..@#........#.....#
....###.###'##..T###......#....##
......#............#...<..#....#.
......#............#......#....#.
......#.....[>.....#......'....##
......#....###)#...########......
......#....#...'.................
......#....#...#.................
......#....#...#.................


You could see Snorg (berserk).

Vanquished Creatures
  The ghost of Acur the Slasher, a novice OpFi of Dithmenos (D:5)
  A troll (D:9)
  2 yaks (D:10)
  2 hippogriffs
  Grum (D:8)
  3 wolves (D:8)
  Menkaure (Ossuary)
  A water moccasin (D:9)
  3 black bears (D:7)
  The ghost of Vex the Shield-Bearer, an amateur MiFi (D:3)
  5 ogres
  An orc warrior (D:8)
  2 centaurs (D:9)
  5 giant frogs
  A wyvern zombie (D:6)
  2 scorpions
  4 wights (D:9)
  3 centaur zombies (Ossuary)
  A crimson imp (D:7)
  3 hounds
  6 orc priests
  2 giant frog skeletons
  2 iguanas
  8 orc wizards
  9 worker ants
  A killer bee zombie (D:9)
  2 ogre zombies (Ossuary)
  7 mummies
  2 worker ant zombies
  Robin (D:4)
  17 gnolls
  5 adders
  A shadow imp (D:6)
  3 oozes
  4 worms
  2 adder skeletons
  10 adder zombies (Ossuary)
  4 giant geckos
  31 orcs
  7 bats
  8 giant cockroaches
  6 hobgoblins
  6 jackals
  10 kobolds
  3 ball pythons
  5 giant newts
  3 gnoll zombies (Ossuary)
  20 goblins
  3 goblin zombies
  2 hobgoblin zombies (Ossuary)
  3 kobold zombies (Ossuary)
  2 orc zombies
  3 quokkas
  A quokka zombie (Ossuary)
  6 rats
  3 rat zombies (Ossuary)
251 creatures vanquished.

Notes
Turn   | Place    | Note
--------------------------------------------------------------
     0 | D:1      | Clownie the Formicid Fighter began the quest for the Orb.
     0 | D:1      | Reached XP level 1. HP: 18/18 MP: 1/1
   162 | D:1      | Reached skill level 4 in Shields
   162 | D:1      | Reached XP level 2. HP: 12/24 MP: 2/2
   878 | D:2      | Reached XP level 3. HP: 26/29 MP: 3/3
   909 | D:2      | Reached skill level 5 in Shields
  1398 | D:2      | Reached XP level 4. HP: 27/35 MP: 4/4
  1738 | D:2      | Reached skill level 6 in Shields
  1908 | D:3      | Found a shimmering altar of Xom.
  2246 | D:3      | Reached XP level 5. HP: 28/41 MP: 5/5
  2427 | D:3      | Noticed Vex's ghost (amateur MiFi)
  2438 | D:3      | Killed Vex's ghost
  2438 | D:3      | Reached skill level 7 in Shields
  2438 | D:3      | Reached XP level 6. HP: 29/47 MP: 6/6
  2653 | D:3      | Reached skill level 8 in Shields
  3099 | D:4      | Found an opulent altar of Gozag.
  3162 | D:4      | Found a staircase to the Ecumenical Temple.
  3192 | Temple   | Entered the Ecumenical Temple
  3418 | Temple   | Became a worshipper of the Shining One
  3577 | D:4      | Found a blossoming altar of Fedhas.
  3594 | D:4      | Noticed Robin
  3622 | D:3      | Reached XP level 7. HP: 24/52 MP: 7/7
  3811 | D:4      | Killed Robin
  3811 | D:4      | Reached skill level 9 in Shields
  3973 | D:5      | Entered Level 5 of the Dungeon
  4224 | D:5      | Found Waatodef's Armour Shop.
  4256 | D:5      | Found Jaror's Armour Shop.
  4323 | D:5      | Found Fieduenn's Book Shoppe.
  4394 | D:5      | Found Vyof's Antique Armour Shop.
  4743 | D:5      | Found Quseec's Food Emporium.
  4753 | D:5      | Noticed Acur's ghost (novice OpFi)
  4760 | D:5      | Killed Acur's ghost
  4760 | D:5      | Reached XP level 8. HP: 58/58 MP: 8/8
  4904 | D:5      | Bought a twisted shield for 285 gold pieces
  4914 | D:5      | Identified the +3 shield of the Land of Plenty {*Contam MR- Regen+ Int+4} (You bought it in a shop on level 5 of the Dungeon)
  5132 | D:6      | Reached * piety under the Shining One
  5174 | D:6      | Reached skill level 5 in Armour
  5242 | D:6      | Found a sand-covered staircase.
  5253 | Ossuary  | Entered an ossuary
  5292 | Ossuary  | Reached ** piety under the Shining One
  5312 | Ossuary  | Noticed Menkaure
  5323 | Ossuary  | Killed Menkaure
  5323 | Ossuary  | Reached XP level 9. HP: 40/64 MP: 9/9
  5440 | Ossuary  | Reached *** piety under the Shining One
  5571 | Ossuary  | Reached **** piety under the Shining One
  5985 | D:6      | Found a snail-covered altar of Cheibriados.
  6056 | D:6      | Found a burning altar of Makhleb.
  6061 | D:6      | Found a glowing silver altar of Zin.
  6061 | D:6      | Noticed an angel
  6062 | D:6      | Noticed a green death
  6205 | D:6      | Found Secyq's Food Shop.
  6265 | D:7      | Found a bloodstained altar of Trog.
  6385 | D:7      | Reached skill level 5 in Fighting
  6845 | D:8      | Reached XP level 10. HP: 75/77 MP: 10/10
  6862 | D:8      | Noticed Grum
  6908 | D:8      | Killed Grum
  6991 | D:7      | Found an iron altar of Okawaru.
  7842 | D:9      | Reached skill level 10 in Fighting
  7894 | D:9      | Reached ***** piety under the Shining One
  7909 | D:9      | Reached skill level 1 in Invocations
  7942 | D:9      | Found an iron altar of Okawaru.
  8101 | D:10     | Entered Level 10 of the Dungeon
  8123 | D:10     | Noticed a hill giant
  8126 | D:10     | Noticed Snorg
  8127 | D:10     | Noticed a gargoyle
  8161 | D:9      | Slain by Snorg

Action                   |  1- 3 |  4- 6 |  7- 9 | 10-12 || total
-------------------------+-------+-------+-------+-------++-------
Melee: Flail             |   139 |   190 |   502 |   219 ||  1050
Invok: Divine Shield     |       |       |       |     1 ||     1
 Abil: Dig               |       |       |     6 |     1 ||     7
  Use: Potion            |       |     1 |     2 |     4 ||     7
       Scroll            |       |       |     8 |     4 ||    12
  Eat: Chunk             |     2 |     7 |     6 |     6 ||    21
       Meat ration       |       |       |     1 |       ||     1
